 Dungeon Crawl Stone Soup version 0.28-a0-1184-g53156a8862 (webtiles) character file.

Game seed: 12642817342818295016

42 frimble the Grasshopper (level 3, -1/27 HPs)
             Began as a Demonspawn Warper on Dec 18, 2021.
             Slain by a rat (2 damage)
             ... on level 2 of the Dungeon.
             The game lasted 00:01:30 (2340 turns).

frimble the Grasshopper (Demonspawn Warper)         Turns: 2340, Time: 00:01:30

Health: -1/27      AC:  3    Str: 11    XL:     3   Next: 33%
Magic:  4/6        EV: 11    Int: 16    God:
Gold:   47         SH:  0    Dex: 12    Spells: 4/6 levels left

rFire   . . .      SeeInvis .   e - +1 whip (venom)
rCold   . . .      Faith    .   (no shield)
rNeg    . . .      Spirit   .   b - +0 leather armour
rPois   .          Reflect  .   (no helmet)
rElec   .          Harm     .   (no cloak)
rCorr   .          Rampage  .   (no gloves)
Will    .....                   (no boots)
Stlth   +.........              (no amulet)
HPRegen 0.09/turn               (no ring)
MPRegen 0.10/turn               (no ring)

@: no status effects
A: claws 1
a: no special abilities


You were on level 2 of the Dungeon.
You visited 1 branch of the dungeon, and saw 3 of its levels.

You collected 47 gold pieces.

Inventory:

Hand Weapons
 a - a +0 falchion
 e - a +1 whip of venom (weapon)
Missiles
 d - 5 boomerangs of dispersal (quivered)
Armour
 b - a +0 leather armour (worn)
Scrolls
 c - a scroll of blinking
 f - a scroll of identify {unknown}
 h - 2 scrolls of immolation {unknown}
Potions
 g - a potion of cancellation {unknown}
 i - a potion of heal wounds {unknown}


   Skills:
 - Level 2.0 Fighting
 - Level 2.0 Long Blades
 + Level 2.5 Maces & Flails
 - Level 0.8 Throwing
 - Level 0.8 Armour
 - Level 1.7 Dodging
 - Level 2.0 Spellcasting
 - Level 2.6 Translocations


You had 4 spell levels left.
You knew the following spells:

 Your Spells              Type           Power      Damage    Failure   Level
a - Blink                 Tloc           20%        N/A       14%         2

Your spell library contained the following spells:

 Spells                   Type           Power      Damage    Failure   Level
 Gell's Gravitas          Tloc           10%        N/A       26%         3
 Lesser Beckoning         Tloc           10%        N/A       26%         3
 Teleport Other           Tloc           10%        N/A       26%         3
 Manifold Assault         Tloc           10%        N/A       94%         5


Dungeon Overview and Level Annotations

Branches:
Dungeon (3/15)

Altars:
Elyvilon


Innate Abilities, Weirdness & Mutations

You have sharp fingernails.


Message History

The bat closely misses you.
The gnoll looks more healthy.
The bat closely misses you. The bat closely misses you.
The bat closely misses you. The bat closely misses you.
You hit the bat.
You kill the bat!
The gnoll hits you with a +2 whip of electrocution.
You are electrocuted!
* * * LOW HITPOINT WARNING * * *
You see here a bat corpse.
Okay, then.
Okay, then.
Unknown command.
Casting: Blink (safe; 14% risk of failure)
Confirm with . or Enter, or press ? or * to list all spells.
You blink.
You feel stable enough to blink again.
Found a stone staircase leading down.
There is a stone staircase leading down here.
You climb downwards.
There is a stone staircase leading up here.
You start resting.
Magic restored.
You start resting.
HP restored.
You climb upwards.
The gnoll hits you with a +0 club.
The gnoll hits you with a +2 whip of electrocution.
You are electrocuted!
Ouch! That really hurt!
* * * LOW HITPOINT WARNING * * *
There is a stone staircase leading down, spattered with blood here.
Casting: Blink (safe; 14% risk of failure)
Confirm with . or Enter, or press ? or * to list all spells.
You blink.
You hit the gnoll but do no damage.
The gnoll is poisoned.
The gnoll closely misses you.
You feel stable enough to blink again. The rat bites you.
You die...

######## #......#######
#####............#############
gg†.§...........r.g..gg>.....#
#########.......@######.####.#
#........# #.# ########## #.#
#.. ### ##.....## #.......#
#.8.⌠.8.###########


You could see 3 gnolls and a rat.

Vanquished Creatures
  A dart slug (D:1)
  A worm (D:2)
  5 bats
  4 endoplasms (D:1)
  A giant cockroach (D:1)
  3 goblins
  6 jackals
  3 kobolds
  2 ball pythons (D:1)
  A frilled lizard (D:1)
  7 rats (D:1)
34 creatures vanquished.

Notes
Turn   | Place    | Note
-------+----------+-------------------------------------------
     0 | D:1      | frimble the Demonspawn Warper began the quest for the Orb.
     0 | D:1      | Reached XP level 1. HP: 16/16 MP: 3/3
     2 | D:1      | Noticed a human
     2 | D:1      | Noticed a merfolk
     4 | D:1      | Noticed an elf
     4 | D:1      | Noticed a minotaur
     6 | D:1      | Noticed a draconian
     8 | D:1      | Noticed an ogre
     8 | D:1      | Noticed a dwarf
    12 | D:1      | Noticed a formicid
    12 | D:1      | Noticed a spriggan
    14 | D:1      | Noticed a troll
    14 | D:1      | Noticed a vine stalker
    16 | D:1      | Noticed a demigod
    18 | D:1      | Noticed a gargoyle
    18 | D:1      | Noticed a vampire
    20 | D:1      | Noticed a naga
    20 | D:1      | Noticed an octopode
    22 | D:1      | Noticed a felid
    22 | D:1      | Noticed a ghoul
    24 | D:1      | Noticed a tengu
    24 | D:1      | Noticed a demonspawn
   466 | D:1      | Reached skill level 1 in Maces & Flails
   478 | D:1      | Gained mutation: You have sharp fingernails. [demonic
                  | ancestry]
   478 | D:1      | Reached XP level 2. HP: 22/22 MP: 5/5
  1392 | D:1      | Reached XP level 3. HP: 27/27 MP: 6/6
  1416 | D:2      | Learned a level 2 spell: Blink
  1968 | D:2      | Found a faded altar of an unknown god.
  2045 | D:2      | HP: 1/27 [gnoll (13)]
  2335 | D:2      | HP: 1/27 [gnoll (17)]
  2340 | D:2      | Slain by a rat

Illustrated notes

Levels and vault maps discovered:
D:1:      kb_arrival_jail, layout_basic
D:2:      layout_basic, basic_altar, hellmonk_ecumenical_altar_dog_temple,
          minmay_fountain_box
D:3:      layout_basic, nicolae_dithmenos_shadow_blocks

Skill      XL: |  1  2 |
---------------+-------+-----
Long Blades    | 2 |  2.0
Maces & Flails | 1 2 |  2.5
Fighting       | |  2.0
Throwing       | |  0.8
Armour         | |  0.8
Dodging        | |  1.7
Spellcasting   | |  2.0
Translocations | |  2.6

Action                   || total
-------------------------++-------
Melee: Whip              ||    81
       Falchion          ||     7
 Cast: Blink             ||     2
Armor: Leather armour    ||    31
Dodge: Dodged            ||    42

Table legend: (Time is in decaauts)
 A = Elapsed time spent in this place.
 B = Non-inter-level travel time spent in this place.
 C = Inter-level travel time spent in this place.
 D = Time resting spent in this place.
 E = Time spent auto-exploring this place.
 F = Levels seen in this place.
 G = Mean time per level.
                   A        B        C        D        E       F      G
               +--------+--------+--------+--------+--------+-----+--------+
         Total |   2341 |   2321 |     20 |    270 |   1784 |   3 |  780.3 |
       Dungeon |   2341 |   2321 |     20 |    270 |   1784 |   3 |  780.3 |
               +--------+--------+--------+--------+--------+-----+--------+

Top non-repeatable levels by time:
     D:1: 1414 daAuts
     D:2: 655 daAuts
     D:3: 271 daAuts
